 Dungeon Crawl Stone Soup version 0.29.0-7-g18a832c13a (webtiles) character file.

Game seed: 18219741184992038965

35 sanka the Chopper (level 3, -7/31 HPs)
             Began as a Minotaur Monk on Aug 31, 2022.
             Mangled by Sigmund
             ... wielding a +1 scythe of flaming
              (8 damage)
             ... on level 2 of the Dungeon.
             The game lasted 00:01:09 (1740 turns).

sanka the Chopper (Minotaur Monk)                   Turns: 1740, Time: 00:01:10

Health: -7/31      AC:  2    Str: 17    XL:     3   Next: 16%
Magic:  2/2        EV: 12    Int:  7    God:
Gold:   64         SH:  0    Dex: 12    Spells: 2/2 levels left

rFire   . . .      SeeInvis .   a - +0 hand axe
rCold   . . .      Faith    .   (no shield)
rNeg    . . .      Spirit   .   b - +0 robe
rPois   .          Reflect  .   (helmet restricted)
rElec   .          Harm     .   (no cloak)
rCorr   .          Rampage  .   (no gloves)
Will    .....                   (no boots)
Stlth   ++........              (no amulet)
HPRegen 0.10/turn               (no ring)
MPRegen 0.08/turn               (no ring)

@: no status effects
A: horns 2, retaliatory headbutt
a: no special abilities


You were on level 2 of the Dungeon.
You visited 1 branch of the dungeon, and saw 2 of its levels.

You collected 64 gold pieces.


Innate Abilities, Weirdness & Mutations

You have a pair of horns on your head.
You reflexively headbutt those who attack you in melee.


   Skills:
 - Level 3.6 Fighting
 + Level 5.2 Axes
 - Level 3.2 Dodging
 - Level 1.5 Stealth


You had 2 spell levels left.
You didn't know any spells.
Your spell library contained the following spells:

 Spells                   Type           Power      Damage    Failure   Level
 Gell's Gravitas          Tloc           0%         N/A       80%         3
 Lesser Beckoning         Tloc           0%         N/A       80%         3
 Teleport Other           Tloc           0%         N/A       80%         3

Inventory:

Hand Weapons
 a - a +0 hand axe (weapon)
Armour
 b - a +0 robe (worn)
Wands
 j - a wand of roots (4)
Scrolls
 e - 2 scrolls of teleportation {unknown}
 f - a scroll of immolation {unknown}
 g - a scroll of butterflies {unknown}
 h - a scroll of blinking {unknown}
 i - a scroll of poison {unknown}
Potions
 c - a potion of ambrosia
 d - a potion of heal wounds {unknown}

Dungeon Overview and Level Annotations

Branches:
Dungeon (2/15)

Altars:

Annotations:
D:2 Sigmund

▒▒▒.▒£▒.▒ ▒▒........
▒.....▒.▒▒▒▒▒.▒.▒▒▒▒▒
▒▒...............▒
.......▒▒.▒▒▒▒.▒▒▒
▒▒.^... ▒.▒▒▒▒.▒
.......▒▒......▒
▒.▒.....▒▒▒▒▒▒▒ ▒
▒..†...▒ ▒..)H..▒
......K†..▒
.▒£▒...{..▒ ▒
▒......▒ .......?.
.........>.
.▒▒..▒▒.▒▒▒▒▒ ... ▒.▒


You could see a kobold.


Message History

You miss the bat.
The bat is moderately wounded.
You miss the kobold. The bat closely misses you. The kobold closely misses you.
You furiously retaliate!
You headbutt the kobold.
Unknown command.
You closely miss the kobold.
The kobold is moderately wounded.
You miss the bat. The bat hits you.
* * * LOW HITPOINT WARNING * * *
The kobold closely misses you.
Unknown command.
You hit the bat.
You kill the bat!
You hit the kobold. Something hits you!
* * * LOW HITPOINT WARNING * * *
Something burns you.
* * * LOW HITPOINT WARNING * * *
The kobold hits you with a +0 club.
* * * LOW HITPOINT WARNING * * *
You closely miss the kobold.
The kobold is heavily wounded.
The kobold hits you with a +0 club.
* * * LOW HITPOINT WARNING * * *
Something hits you!
You die...

Action                   || total
-------------------------++-------
Melee: Hand axe          ||    75
       Headbutt          ||     6
 Stab: Sleeping          ||     1
Armor: Robe              ||    19
Dodge: Dodged            ||    65

Levels and vault maps discovered:
D:1:      amcnicky_arrival_double_pillar, layout_loops_corners,
          nicolae_ecumenical_lake_church
D:2:      cheibrodos_helix_gallery, layout_loops_ring, basic_altar,
          uniq_sigmund, uniq_jessica

Notes
Turn   | Place    | Note
-------+----------+-------------------------------------------
     0 | D:1      | sanka the Minotaur Monk began the quest for the Orb.
     0 | D:1      | Reached XP level 1. HP: 19/19 MP: 0/0
   155 | D:1      | Reached skill level 4 in Axes
   410 | D:1      | Reached XP level 2. HP: 26/26 MP: 1/1
   791 | D:1      | Found a faded altar of an unknown god.
  1040 | D:1      | Reached skill level 5 in Axes
  1375 | D:1      | Reached XP level 3. HP: 27/31 MP: 2/2
  1732 | D:2      | Noticed Sigmund
  1740 | D:2      | HP: 1/31 [kobold/+0 club (4)]
  1740 | D:2      | Mangled by Sigmund

Vanquished Creatures
  An endoplasm (D:1)
  A giant cockroach (D:1)
  4 goblins
  2 hobgoblins (D:1)
  6 jackals (D:1)
  2 kobolds (D:1)
  2 quokkas
  2 ball pythons
  4 bats
  2 frilled lizards (D:1)
  5 rats
31 creatures vanquished.
